 Dungeon Crawl Stone Soup version 0.30.0-17-ge0270778cf (webtiles) character file.

Game seed: 6452915035870227243

70 SleepySteel the Shooter (level 3, -3/29 HPs)
             Began as a Demigod Hexslinger on May 21, 2023.
             Killed from afar by Ijyb (14 damage)
             ... with a bolt of dispelling energy
             ... on level 3 of the Dungeon.
             The game lasted 00:05:16 (1850 turns).

SleepySteel the Shooter (Demigod Hexslinger)        Turns: 1850, Time: 00:05:17

Health: -3/29      AC:  2    Str: 11    XL:     3   Next: 76%
Magic:  6/6        EV: 12    Int: 15    God:
Gold:   82         SH:  0    Dex: 18    Spells: 2/4 levels left

rFire   . . .        j - +4 hand axe (vamp)
rCold   . . .        (no shield)
rNeg    . . .        c - +0 robe
rPois   .            (no helmet)
rElec   .            (no cloak)
rCorr   .            (no gloves)
SInv    .            (no boots)
Will    .....        (no amulet)
Stlth   ++           (no ring)
HPRegen 0.24/turn    (no ring)
MPRegen 0.10/turn

%: no passive effects
@: no status effects
A: high MP 1, forlorn, divine attributes
a: no special abilities


You were on level 3 of the Dungeon.
You visited 1 branch of the dungeon, and saw 3 of its levels.

You collected 82 gold pieces.

Inventory:

Hand Weapons
 a - a +1 sling
 j - a +4 vampiric hand axe (weapon)
 n - a +0 quarterstaff
Armour
 c - a +0 robe (worn)
Scrolls
 b - 2 scrolls of poison
 f - 2 scrolls of identify {unknown}
 g - 3 scrolls of fog {unknown}
 h - a scroll of magic mapping {unknown}
 i - 2 scrolls of teleportation {unknown}
 l - a scroll of brand weapon {unknown}
Potions
 d - a potion of mutation {unknown}
 e - a potion of heal wounds {unknown}
 k - 3 potions of flight {unknown}
 m - a potion of curing {unknown}


   Skills:
 + Level 2.3 Fighting
 - Level 3.2 Ranged Weapons
 - Level 1.7 Dodging
 - Level 1.0 Spellcasting
 - Level 2.6 Hexes


You had 2 spell levels left.
You knew the following spells:

 Your Spells              Type           Power      Damage    Failure   Level
a - Slow                  Hex            32%        N/A       9%          1
b - Summon Small Mammal   Summ           0%         N/A       24%         1

Your spell library contained the following spells:

 Spells                   Type           Power      Damage    Failure   Level
 Inner Flame              Hex/Fire       4%         N/A       38%         3
 Portal Projectile        Hex/Tloc       8%         N/A       38%         3
 Summon Guardian Golem    Hex/Summ       4%         N/A       38%         3
 Call Canine Familiar     Summ           0%         N/A       58%         3
 Cause Fear               Hex            4%         N/A       63%         4


Dungeon Overview and Level Annotations

Branches:
Dungeon (3/15)

Annotations:
D:3 Ijyb


Innate Abilities, Weirdness & Mutations

You have an increased reservoir of magic. (+10% MP)
You shall have no god before yourself.
Your divine heritage dramatically boosts your attributes as you level up.


Message History

There is an open door here.
Found a quarterstaff.
An adder comes into view.
The adder hisses angrily.
The adder closely misses you.
You hit the adder.
The adder is heavily wounded.
The adder closely misses you.
You slash the adder!
You kill the adder!
Found a stone staircase leading up.
You see here a +0 quarterstaff.
n - a +0 quarterstaff You see here an adder corpse.
You see here a +0 short sword.
A ball python comes into view.
Found a fuming orange potion.
You hit the ball python.
You kill the ball python!
k - 3 fuming orange potions (gained 1)
You now have 82 gold pieces (gained 4).
You open the door.
Found a stone staircase leading up.
Done exploring.
Done exploring.
There is a stone staircase leading down here.
You climb downwards.
There is a stone staircase leading up here.
You open the door.
Found a glowing golden altar of the Shining One.
Found a stone staircase leading down.
Found a stone staircase leading down.
There is a stone staircase leading down here.
Ijyb the Twisted Goblin comes into view.
She is wielding a +0 dagger and carrying a wand of quicksilver (5).
Ijyb shouts!
Ijyb zaps a wand.
The bolt of dispelling energy hits you!!
Ouch! That really hurt!
Ijyb zaps a wand.
The bolt of dispelling energy hits you!
You die...

. .. .# #.###+##
#######.# #.#....#
#.......# #......#
#.......# #......#
#g.....# #.#...#
#.@....# #.....#
+......#._.#....<#
###......#...#.#####
..........##.##..####
##########..#.#......#
#........#..#.#......##
#.######.#..#.#........
#.#....#.#..#'#......##
#.#.##.#>#.......#####


You could see Ijyb.

Vanquished Creatures
  2 adders (D:2)
  2 worms (D:2)
  2 dart slugs
  4 bats
  An endoplasm (D:1)
  3 giant cockroaches (D:1)
  A goblin (D:1)
  A hobgoblin (D:2)
  4 jackals (D:1)
  2 quokkas (D:2)
  6 ball pythons
  2 frilled lizards
  6 kobolds
  8 rats
44 creatures vanquished.

Notes
Turn   | Place    | Note
-------+----------+-------------------------------------------
     0 | D:1      | SleepySteel the Demigod Hexslinger began the quest for the
                  | Orb.
     0 | D:1      | Reached XP level 1. HP: 15/15 MP: 4/4
    83 | D:1      | Reached skill level 1 in Fighting
    83 | D:1      | Reached skill level 2 in Ranged Weapons
   227 | D:1      | Reached XP level 2. HP: 22/23 MP: 5/5
   823 | D:2      | Reached XP level 3. HP: 28/28 MP: 6/6
   843 | D:2      | Reached skill level 3 in Ranged Weapons
  1170 | D:2      | Learned a level 1 spell: Summon Small Mammal
  1845 | D:3      | Noticed Ijyb
  1850 | D:3      | Killed from afar by Ijyb

Illustrated notes

Levels and vault maps discovered:
D:1:      scummos_arrival_star, layout_basic, basic_ecumenical_altar
D:2:      layout_basic
D:3:      layout_basic, mainiacjoe_overflow_surrounded_room,
          okawaru_metal_pillars_1_2, zin_statuary, gammafunk_ghost_split,
          nicolae_underground_beach, uniq_robin, uniq_natasha, uniq_ijyb

Skill      XL: |  1  2  3 |
---------------+----------+-----
Fighting       | 1 2 |  2.3
Ranged Weapons | 2 3 |  3.2
Dodging        | |  1.7
Spellcasting   | |  1.0
Hexes          | |  2.6

Action                     || total
---------------------------++-------
  Melee: Hand axe          ||    33
   Fire: Sling             ||   126
   Cast: Slow              ||     5
         Summon Small Mamm ||     4
   Stab: Sleeping          ||     3
 Armour: Robe              ||    12
  Dodge: Dodged            ||    55
